 Dungeon Crawl Stone Soup version 0.31.0-32-g396128a36d (webtiles) character file.

Game seed: 10156586851256637122

106 Alphaeus the Ruffian (level 4, -1/29 HPs)
             Began as an Octopode Shapeshifter on Mar 19, 2024.
             Slain by Pargi (3 damage)
             ... in a sewer.
             The game lasted 00:01:44 (1880 turns).

Alphaeus the Ruffian (Octopode Shapeshifter)        Turns: 1880, Time: 00:01:44

Health: -1/29      AC:  1    Str: 15    XL:     4   Next: 84%
Magic:  4/4        EV: 13    Int: 12    God:
Gold:   179        SH:  0    Dex: 11    Spells: 3/3 levels left

rFire   . .          .
                       - Unarmed
rCold   . . .        (no shield)
rNeg    . . .        (helmet currently unavailable)
rPois   .            (no amulet)
rElec   .            (no ring)
rCorr   .            (no ring)
SInv    .            (no ring)
Will    .....        (no ring)
Stlth   +++          (no ring)
HPRegen 0.24/turn    (no ring)
MPRegen 0.09/turn    (no ring)
                     (no ring)

%: no passive effects
@: beast-form
A: beast (slay +2), almost no armour, amphibious, 8 rings, camouflage 1,
gelatinous body 1, nimble swimmer 1, tentacles
a: Begin Untransformation


You were in a sewer.
You were a hulking beast.
You visited 1 branch of the dungeon, and saw 3 of its levels.
You also visited: Sewer.

You collected 179 gold pieces.

Inventory:

Talismans
 b - a beast talisman
 c - a flux talisman
Scrolls
 d - 6 scrolls of identify {unknown}
 f - a scroll of brand weapon {unknown}
 g - 2 scrolls of teleportation {unknown}
 j - a scroll of fear {unknown}
 l - a scroll of vulnerability {unknown}
Potions
 a - 2 potions of lignification
 e - a potion of invisibility {unknown}
 h - a potion of curing {unknown}
 i - a potion of degeneration {unknown}
 k - a potion of enlightenment {unknown}
 m - a potion of heal wounds {unknown}
 n - 2 potions of resistance {unknown}


   Skills:
 + Level 1.9 Fighting
 + Level 2.6 Dodging
 * Level 3.9 Unarmed Combat
 * Level 3.8 Shapeshifting


You had 3 spell levels left.
You didn't know any spells.
Your spell library contained the following spells:

 Spells                   Type           Power      Damage    Failure   Level
 Ensorcelled Hibernation  Hex/Ice        0%         N/A       45%         2
 Fugue of the Fallen      Necr           0%         N/A       69%         3
 Anguish                  Hex/Necr       0%         N/A       97%         4
 Summon Lightning Spire   Summ/Air       0%         N/A       97%         4
 Lee's Rapid Deconstruct  Erth           0%         3d4*      100%        5
 Animate Armour           Summ/Erth      Unusable   N/A       N/A         4

Dungeon Overview and Level Annotations

Branches:
Dungeon (3/15)              Sewer (1/1)

Altars:

Shops:
D:1 [   D:3 *

Annotations:
Sewer Pargi


Innate Abilities, Weirdness & Mutations

You are a hulking beast.
Your limbs bulge with bestial killing power. (Slay +2)
You cannot wear most types of armour.
You are amphibious.
You can wear up to eight rings at the same time.
Your skin changes colour to match your surroundings (Stealth+).
Your rubbery body absorbs attacks. (AC +1, EV +1)
You are camouflaged when in or above water. (Stealth+)
You have tentacles for arms and can constrict up to eight enemies at once.


Message History

Pargi is heavily wounded.
Pargi completely misses you. Pargi claws you.
Pargi claws you but does no damage.
You closely miss Pargi. Your squeeze misses Pargi.
Pargi is heavily wounded.
You closely miss Pargi.
Pargi is heavily wounded.
Pargi closely misses you. Pargi barely misses you. Pargi claws you.
You tentacle-slap Pargi.
Pargi is heavily wounded.
Pargi bites you! Pargi claws you. Pargi claws you but does no damage.
You are too injured to fight recklessly!
You are too injured to fight recklessly!
You are too injured to fight recklessly!
You are too injured to fight recklessly!
You are too injured to fight recklessly!
You are too injured to fight recklessly!
You are too injured to fight recklessly!
You are too injured to fight recklessly!
You are too injured to fight recklessly!
You are too injured to fight recklessly!
You are too injured to fight recklessly!
You are too injured to fight recklessly!
You are too injured to fight recklessly!
You are too injured to fight recklessly!
You are too injured to fight recklessly!
You are too injured to fight recklessly!
You tentacle-slap Pargi. You squeeze Pargi!
Pargi is severely wounded.
Pargi barely misses you. Pargi claws you. x2
* * * LOW HITPOINT WARNING * * *
You closely miss Pargi.
Your tentacle-slap misses Pargi.
You squeeze Pargi.
Pargi is almost dead.
Pargi closely misses you. Pargi misses you. Pargi barely misses you.
You closely miss Pargi. You squeeze Pargi.
Pargi is almost dead.
Pargi bites you.
* * * LOW HITPOINT WARNING * * *
Pargi claws you but does no damage. Pargi claws you.
You die...

#########
#()#T#$$#
#$.#h#.)#
#..~#
##.~~##
#~.~.~#
#..~..##
#..~#...#
#..###..##
#.~. #~~.#
#~~# ##~.#


You could see Pargi.

Vanquished Creatures
  4 adders
  2 ribbon worms
  A dart slug (D:1)
  5 endoplasms
  A giant cockroach (D:3)
  5 hobgoblins
  9 jackals
  8 kobolds
  3 quokkas (D:2)
  3 ball pythons
  3 bats
  5 frilled lizards
  7 goblins
  6 rats
62 creatures vanquished.

Notes
Turn   | Place    | Note
-------+----------+-------------------------------------------
     0 | D:1      | Alphaeus the Octopode Shapeshifter began the quest for the
                  | Orb.
     0 | D:1      | Reached XP level 1. HP: 13/13 MP: 1/1
   370 | D:1      | Reached XP level 2. HP: 18/18 MP: 2/2
   636 | D:1      | Found Huozy's Armour Shoppe.
   749 | D:1      | Reached XP level 3. HP: 23/23 MP: 3/3
   973 | D:2      | HP: 1/23 [adder (1)]
  1147 | D:2      | Reached XP level 4. HP: 28/28 MP: 4/4
  1189 | D:2      | Found a faded altar of an unknown god.
  1699 | D:3      | Found Telus's Assorted Antiques.
  1769 | D:3      | Found a glowing drain.
  1773 | Sewer    | Entered a sewer
  1866 | Sewer    | Noticed Pargi
  1880 | Sewer    | Slain by Pargi

Illustrated notes

Levels and vault maps discovered:
D:1:      amcnicky_arrival_wind_blow, layout_basic, serial_shops,
          nicolae_shop_rolling_square
D:2:      layout_basic, ebering_ecumenical_altar_rust
D:3:      layout_loops_ring, serial_shops, nicolae_square_shop,
          mainiacjoe_sewer_entry_somewhere_in_here_2
Sewer:    sewer_the_crocodile

Action                     |  1- 3 |  4- 6 || total
---------------------------+-------+-------++-------
  Melee: Unarmed           |    63 |    54 ||   117
         Constrict         |    18 |    12 ||    30
         Tentacles         |    14 |    12 ||    26
         Punch             |     3 |     1 ||     4
   Stab: Sleeping          |     4 |     6 ||    10
 Armour: Skin              |    25 |    28 ||    53
  Dodge: Dodged            |    32 |    36 ||    68
